 Dungeon Crawl Stone Soup version 0.29-a0-275-g389c0b56f3 (webtiles) character file.

Game seed: 17474342824363181036

70 spaghetti the Caller (level 3, -3/26 HPs)
             Began as a Demigod Summoner on Mar 10, 2022.
             Slain by a goblin
             ... wielding a +0 club
             ... led by Robin
              (4 damage)
             ... on level 3 of the Dungeon.
             The game lasted 00:04:13 (2878 turns).

spaghetti the Caller (Demigod Summoner)             Turns: 2878, Time: 00:04:14

Health: -3/26      AC:  3    Str:  7 (9)  XL:     3   Next: 77%
Magic:  4/8        EV: 12    Int: 20 (21) God:
Gold:   185        SH:  0    Dex: 14      Spells: 4/5 levels left

rFire   . . .      SeeInvis +   a - +1 short sword (protect) {short}
rCold   . . .      Faith    .   (no shield)
rNeg    + . .      Spirit   .   m - +1 robe
rPois   .          Reflect  .   (no helmet)
rElec   .          Harm     .   (no cloak)
rCorr   .          Rampage  .   (no gloves)
Will    .....                   (no boots)
Stlth   ++........              (no amulet)
HPRegen 0.08/turn               k - ring of see invisible
MPRegen 0.11/turn               i - ring of positive energy

@: no status effects
A: high MP 1, forlorn, divine attributes
a: no special abilities


You were on level 3 of the Dungeon.
You visited 1 branch of the dungeon, and saw 3 of its levels.

You collected 185 gold pieces.


Innate Abilities, Weirdness & Mutations

You have an increased reservoir of magic. (+10% MP)
You shall have no god before yourself.
Your divine heritage dramatically boosts your attributes as you level up.


   Skills:
 - Level 1.7 Dodging
 - Level 1.7 Stealth
 - Level 1.7 Spellcasting
 + Level 5.1 Summonings


You had 4 spell levels left.
You knew the following spells:

 Your Spells              Type           Power      Damage    Failure   Level
a - Summon Small Mammal   Summ           88%        N/A       1%          1

Your spell library contained the following spells:

 Spells                   Type           Power      Damage    Failure   Level
 Call Imp                 Summ           22%        N/A       3%          2
 Call Canine Familiar     Summ           22%        N/A       6%          3
 Summon Guardian Golem    Hex/Summ       12%        N/A       17%         3
 Ensorcelled Hibernation  Hex/Ice        2%         N/A       24%         2
 Spider Form              Tmut/Pois      1%         N/A       43%         3
 Summon Lightning Spire   Summ/Air       12%        N/A       50%         4
 Anguish                  Hex/Necr       0%         N/A       85%         4

Inventory:

Hand Weapons
 a - a +1 short sword of protection (weapon) {short}
   (You took it off a kobold on level 1 of the Dungeon)
 b - a +0 shortbow {bow}
   (You found it on level 1 of the Dungeon)
 c - a +0 club {mace}
   (You took it off a kobold on level 1 of the Dungeon)
 f - a +0 dagger {short}
   (You found it on level 1 of the Dungeon)
Missiles
 d - 7 stones {throwing}
Armour
 l - a +0 cloak
   (You found it on level 2 of the Dungeon)
 m - a +1 robe (worn)
Magical Staves
 q - a staff of air {!astaff}
   (You found it on level 2 of the Dungeon)
Jewellery
 i - a ring of positive energy (right hand)
   (You found it on level 1 of the Dungeon)
 k - a ring of see invisible (left hand)
   (You found it on level 1 of the Dungeon)
 o - a ring of protection from fire
   (You found it on level 2 of the Dungeon)
Scrolls
 e - a scroll of enchant armour
 g - a scroll of vulnerability {!r!r}
 h - 2 scrolls of identify {@r1}
Potions
 j - a potion of magic
 n - a potion of cancellation

Dungeon Overview and Level Annotations

Branches:
Dungeon (3/15)

Annotations:
D:3 Robin

#...... #.....
#..... +....
#####....
.......b#
.......g#
.......@#
........#
......bg####.##
.......g......#
#######.##......
#.g)# .#..#
#.####...> .
######g.g.....#.
......gg..g....#
.


You could see Robin, 3 goblins and 2 friendly bats.


Message History

Your quokka dies!
Your quokka's corpse disappears in a puff of smoke!
The goblin unwields a +0 hunting sling.
The goblin wields a +0 club.
The goblin hits you with a +0 club. 😕 HP[-2] MP[-1]
You take 2 damage, and now have 20/26 hp.
You lost 1 mp, and now have 7/8 mp.
Casting: Summon Small Mammal (safe; 1% risk of failure)
Press: ? - help, Q - select action, (/) - cycle Dir - look around, f - activate Robin throws the goblin at you! 😮 HP[-2] MP[-1]
You take 2 damage, and now have 18/26 hp.
You lost 1 mp, and now have 6/8 mp.
Your bat barely misses the goblin.
The goblin hits you but does no damage. The goblin hits you with a +0 club.
The goblin hits you but does no damage. The goblin closely misses you. 😮 HP[-1]
You take 1 damage, and now have 17/26 hp.
You barely miss the goblin.
Your bat barely misses the goblin.
The goblin hits you with a +0 club. The goblin hits you with a +0 dagger.
Your bat hits the goblin. The goblin hits you with a +0 club.
* * * LOW HITPOINT WARNING * * *
😨 HP[-5]
You take 5 damage, and now have 12/26 hp.
Unknown command.
The goblin attacks as you move away! The goblin hits you with a +0 dagger.
* * * LOW HITPOINT WARNING * * *
The goblin attacks as you move away! The goblin hits you with a +0 dagger.
* * * LOW HITPOINT WARNING * * *
The goblin barely misses you. The goblin hits you with a +0 club.
* * * LOW HITPOINT WARNING * * *
Robin throws the goblin at you! 😱 HP[-8]
You take 8 damage, and now have 4/26 hp.
MASSIVE DAMAGE!! (PAUSE)
The goblin attacks as you move away! The goblin barely misses you.
Your bat closely misses the goblin.
The goblin closely misses you.
Your bat hits the goblin. The goblin attacks as you move away!
The goblin misses you.
Your bat barely misses the goblin.
It was a potion of cancellation.
You feel magically purged.
Your bat closely misses the goblin.
Your bat hits the goblin. The goblin hits you with a +0 dagger.
* * * LOW HITPOINT WARNING * * *
😱 HP[-1]
You take 1 damage, and now have 3/26 hp.
Unknown command.
Casting: Summon Small Mammal (safe; 1% risk of failure)
Press: ? - help, Q - select action, (/) - cycle Dir - look around, f - activate Your bat barely misses the goblin.
Your bat closely misses the goblin.
You swap places.
Your bat hits the goblin.
Your bat closely misses the goblin. x2
The goblin closely misses your bat.
The goblin hits your bat with a +0 club.
Your bat dies!
Your bat's corpse disappears in a puff of smoke!
Your bat hits the goblin.
Casting: Summon Small Mammal (safe; 1% risk of failure)
Press: ? - help, Q - select action, (/) - cycle Dir - look around, f - activate Your bat hits the goblin.
The goblin dies!
The goblin barely misses your bat.
Something hits your bat but does no damage.
The goblin closely misses your bat. Something misses your bat. x2
Your bat closely misses the goblin. 😱 MP[-1]
You lost 1 mp, and now have 5/8 mp.
A goblin comes into view. It is wielding a +0 dagger.
Your bat barely misses the goblin.
Your bat hits the goblin.
Your bat closely misses the goblin.
The goblin hits your bat with a +0 club.
Your bat dies!
Your bat's corpse disappears in a puff of smoke!
Your bat closely misses the goblin.
The goblin closely misses your bat.
Casting: Summon Small Mammal (safe; 1% risk of failure)
Press: ? - help, Q - select action, (/) - cycle Dir - look around, f - activate Your bat hits the goblin. 😱 MP[-1]
You lost 1 mp, and now have 4/8 mp.
You swap places.
Your bat hits the goblin.
The goblin dies!
The goblin barely misses your quokka.
The goblin hits your bat with a +0 dagger.
Your bat hits the goblin.
As you read the scroll labelled FAYCLI XOORITU, it crumbles to dust.
It is a scroll of amnesia.
Really abort (and waste the scroll)?
Okay, then.
The goblin hits your quokka with a +0 dagger.
Your quokka barely misses the goblin.
Your bat misses the goblin.
Your quokka barely misses the goblin.
The goblin hits your quokka with a +0 dagger.
Your quokka dies!
Your quokka's corpse disappears in a puff of smoke!
Casting: Summon Small Mammal (safe; 1% risk of failure)
Press: ? - help, Q - select action, (/) - cycle Dir - look around, f - activate Your bat hits the goblin.
The goblin closely misses your bat. Robin throws the goblin at you!
* * * LOW HITPOINT WARNING * * *
The goblin hits you with a +0 club.
You die...

Skill      XL: |  1  2  3 |
---------------+----------+-----
Summonings     | 4 5 |  5.1
Dodging        | |  1.7
Stealth        | |  1.7
Spellcasting   | |  1.7

Action                   || total
-------------------------++-------
Melee: Unarmed           ||     8
       Short sword       ||    74
       Punch             ||     1
 Fire: Shortbow          ||    22
 Cast: Summon Small Mamm ||    29
  Use: Potion            ||     3
       Scroll            ||     3
 Stab: Sleeping          ||     5
Armor: Robe              ||    51
Dodge: Dodged            ||    95

Levels and vault maps discovered:
D:1:      dpeg_arrival_court, layout_basic, dreamdust_ecumenical_altar_grove
D:2:      layout_loops_ring, minmay_gold_behind_fungi
D:3:      layout_basic, mainiacjoe_overflow_alcove_1, makhleb_altar_promises_db,
          st_stairs_13, uniq_robin, uniq_terence

Notes
Turn   | Place    | Note
-------+----------+-------------------------------------------
     0 | D:1      | spaghetti the Demigod Summoner began the quest for the Orb.
     0 | D:1      | Reached XP level 1. HP: 14/14 MP: 5/5
     0 | D:1      | magus.rc [v1.9.6]
   143 | D:1      | HP: 3/14 [kobold/+0 club (2)]
   146 | D:1      | Reached skill level 4 in Summonings
   552 | D:1      | Reached XP level 2. HP: 11/20 MP: 4/7
  1392 | D:2      | You pick up a book of Dreams and begin reading...
  1392 | D:2      | You add the spells Ensorcelled Hibernation, Spider Form and
                  | Anguish to your library.
  1819 | D:2      | Reached XP level 3. HP: 26/26 MP: 8/8
  2530 | D:2      | Reached skill level 5 in Summonings
  2860 | D:3      | Noticed Robin
  2865 | D:3      | HP: 4/26 [goblin/+0 club[Robin] (3)]
  2878 | D:3      | HP: 1/26 [Robin/goblin (2)]
  2878 | D:3      | Slain by a goblin

Vanquished Creatures
  An adder (D:2)
  An orc (D:2)
  3 bats
  3 endoplasms (D:2)
  A giant cockroach (D:2)
  A goblin (D:2)
  5 hobgoblins
  2 jackals (D:2)
  5 ball pythons
  2 frilled lizards
  3 kobolds
  3 rats (D:2)
30 creatures vanquished.

Vanquished Creatures (collateral kills)
  An adder (D:2)
  2 dart slugs (D:1)
  2 ball pythons (D:1)
  An endoplasm (D:1)
  A giant cockroach (D:1)
  5 goblins
  A kobold (D:1)
13 creatures vanquished.

Vanquished Creatures (others)
  3 toadstools (D:2)
3 creatures vanquished.

Grand Total: 46 creatures vanquished

Table legend:
 A = Non-vault XP
 B = Vault XP
 C = Vault XP percentage of total XP
 D = Non-vault monster count
 E = Vault monster count
 F = Vault count percentage of total count
                 A         B        C        D         E       F
            +---------+---------+-------+---------+---------+-------
      Total |      85 |      16 |  15.8 |      35 |       8 |  18.6
            +---------+---------+-------+---------+---------+-------
        D:1 |      28 |       0 |   0.0 |      14 |       0 |   0.0
        D:2 |      55 |      12 |  17.9 |      20 |       6 |  23.1
        D:3 |       2 |       4 |  66.7 |       1 |       2 |  66.7
            +---------+---------+-------+---------+---------+-------

Illustrated notes

Table legend:
 A = Kills in this place as a percentage of kills in entire the game.
 B = Kills by you in this place as a percentage of kills by you in the entire game.
 C = Kills by friends in this place as a percentage of kills by friends in the entire game.
 D = Other kills in this place as a percentage of other kills in the entire game.
 E = Experience gained in this place as a percentage of experience gained in the entire game.
 F = Experience gained in this place divided by the number of levels of this place that you have seen.
                   A       B       C       D       E      F
               +-------+-------+-------+-------+-------+----------------------
         Total | 100.0 | 100.0 | 100.0 |   N/A | 100.0 |  33.7
       Dungeon | 100.0 | 100.0 | 100.0 |   N/A | 100.0 |  33.7
               +-------+-------+-------+-------+-------+----------------------

Table legend: (Time is in decaauts)
 A = Elapsed time spent in this place.
 B = Non-inter-level travel time spent in this place.
 C = Inter-level travel time spent in this place.
 D = Time resting spent in this place.
 E = Time spent auto-exploring this place.
 F = Levels seen in this place.
 G = Mean time per level.
                   A        B        C        D        E       F      G
               +--------+--------+--------+--------+--------+-----+--------+
         Total |   2881 |   2830 |     51 |    338 |   2140 |   3 |  960.3 |
       Dungeon |   2881 |   2830 |     51 |    338 |   2140 |   3 |  960.3 |
               +--------+--------+--------+--------+--------+-----+--------+

Top non-repeatable levels by time:
     D:2: 1478 daAuts
     D:1: 1373 daAuts
     D:3: 29 daAuts
